 Dungeon Sprint DCSS version 0.23-a0-32-g1388f29 (webtiles) character file.

1205 Kidiri the Thaumaturge (level 8, -14/46 (47) HPs)
             Began as a Deep Elf Fire Elementalist on Aug 5, 2018.
             Was a Believer of Vehumet.
             Demolished by Snorg (18 damage)
             ... in the Dungeon (Sprint III: "The Ten Rune Challenge").
             The game lasted 00:05:01 (1141 turns).

Kidiri the Thaumaturge (Deep Elf Fire Elementalist) Turns: 1141, Time: 00:05:02

HP:   -14/46 (47)   AC:  2    Str:  5    XL:     8   Next: 21%
MP:   1/26          EV: 16    Int: 23    God:    Vehumet [**....]
Gold: 39            SH:  0    Dex: 15    Spells: 11/32 levels left

rFire    . . .     SeeInvis .   o - +1 dagger (pain)
rCold    . . .     Gourm    .   (no shield)
rNeg     . . .     Faith    .   a - +0 robe
rPois    .         Spirit   .   (helmet restricted)
rElec    .         Reflect  .   (no cloak)
rCorr    .         Harm     .   (no gloves)
MR       .....     NoTele   +   (no boots)
Stlth    ++........             (no amulet)
HPRegen  0.00/turn              (no ring)
MPRegen  0.20/turn              (no ring)

@: very slightly contaminated
A: hooves 1, horns 1, inhibited regeneration
a: Renounce Religion


You were in the Dungeon.
You worshipped Vehumet.
Vehumet was pleased with you.
You were very hungry.

You visited 1 branch You collected 39 gold pieces.

Inventory:

Hand Weapons
 o - a +1 dagger of pain (weapon)
Armour
 a - a +0 robe (worn)
Wands
 b - a wand of random effects (29)
Scrolls
 k - 2 scrolls of holy word
 l - 2 scrolls of identify
 n - 2 scrolls of remove curse
Potions
 d - a potion of curing
 e - 2 potions of heal wounds
 f - a potion of haste
 g - 2 potions of magic
 h - a potion of berserk rage
 m - 3 potions of flight
Comestibles
 c - 4 rations


   Skills:
 + Level 3.6 Fighting
 + Level 4.4 Short Blades
 + Level 3.7 Armour
 + Level 6.0 Dodging
 - Level 2.4 Stealth
 * Level 12.9 Spellcasting
 + Level 7.8 Conjurations
 + Level 8.5 Fire Magic
 + Level 4.4 Air Magic
 + Level 4.9 Poison Magic


You had 11 spell levels left.
You knew the following spells:

 Your Spells              Type           Power        Failure   Level  Hunger
a - Flame Tongue          Conj/Fire      #####        1%          1    None
b - Throw Flame           Conj/Fire      ######       1%          2    None
c - Conjure Flame         Conj/Fire      ######..     1%          3    None
d - Inner Flame           Hex/Fire       ####....     2%          3    None
e - Sticky Flame          Conj/Fire      ######..     1%          4    None
f - Fireball              Conj/Fire      ######....   4%          5    ###....
g - Mephitic Cloud        Conj/Pois/Air  #####...     1%          3    None

Your spell library contained the following spells:

 Spells                   Type           Power        Failure   Level  Hunger
 Magic Dart               Conj           ####         1%          1    None
 Apportation              Tloc           ##....       4%          1    None
 Slow                     Hex            ##......     6%          2    None
 Summon Small Mammal      Summ           ##..         4%          1    None
 Blink                    Tloc           N/A          6%          2    None
 Animate Skeleton         Necr           N/A          4%          1    None
 Call Imp                 Summ           ##......     6%          2    None
 Confusing Touch          Hex            ##....       4%          1    None


Dungeon Overview and Level Annotations

Branches:
Dungeon (1/1)

Altars:
Cheibriados
Dithmenos
Elyvilon
Fedhas
Gozag
Hepliaklqana
Kikubaaqudgha
Makhleb
Nemelex Xobeh
Okawaru
Qazlal
Ru
Sif Muna
Trog
Uskayaw
Vehumet
Wu Jian
Xom
Yredelemnul
Zin
The Shining One
Beogh
Jiyva
Lugonu

Annotations:
D exclusion: door, Snorg


Innate Abilities, Weirdness & Mutations

You have large cloven feet.
You have a pair of small horns on your head.
You do not regenerate when monsters are visible.


Message History

The flame tongue hits Snorg.
Snorg is almost dead.
Snorg burns!
Casting: Flame Tongue (safe; 1% risk of failure)
Confirm with . or Enter, or press ? or * to list all spells.
Aiming: Flame Tongue (safe; 1% risk of failure)
Press: ? - help, Shift-Dir - straight line, f/p - Snorg
Aim: Snorg (almost dead, berserk, fast, unusually strong, covered in liquid flames)
The flame tongue misses Snorg.
Snorg burns!
Casting: Flame Tongue (safe; 1% risk of failure)
Confirm with . or Enter, or press ? or * to list all spells.
Aiming: Flame Tongue (safe; 1% risk of failure)
Press: ? - help, Shift-Dir - straight line, f/p - Snorg
Aim: Snorg (almost dead, berserk, fast, unusually strong, covered in liquid flames)
The flame tongue hits Snorg.
Snorg is almost dead.
Snorg burns!
Snorg completely misses you. Snorg claws you!!
* * * LOW HITPOINT WARNING * * *
Snorg claws you!!
You die...

▓▓▓ # ##.############
#####..#___#___#__#
.#..#..#...#__.#._#
.#..#..###+#+###+##
.##+#..#...)...)@.#
.###...'.⌠......T.#
####...#...######'#
###....#.⌠.#__#...#+#####
##.....#...#__#...#..≈≈§+
#......#+###__#...#.#§§§#
.#.....#)).#__#...'.#§§§#
###....#___#__+...#.# .#
▓▓▓▓▓▓▓▓▓▓▓▓▓▓▓▓▓▓▓ ▓


You could see Snorg (berserk).

Vanquished Creatures
  A deep elf mage (D)
  A shadow (D)
  A spatial vortex (D)
  A necrophage (D)
  A water elemental (D)
  A jelly (D)
  A wizard (D)
  Jessica (D)
  A necromancer (D)
  A kobold demonologist (D)
  3 humans (D)
  2 oozes (D)
  A phantom (D)
  A rat (D)
17 creatures vanquished.

Vanquished Creatures (others)
  2 draconian scorchers (D)
  6 hellions (D)
  3 yaktaurs (D)
11 creatures vanquished.

Grand Total: 28 creatures vanquished

Notes
Turn   | Place    | Note
-------+----------+-------------------------------------------
     0 | D        | Kidiri the Deep Elf Fire Elementalist began the quest for the Orb.
     0 | D        | Reached XP level 1. HP: 10/10 MP: 6/6
     8 | D        | Reached skill level 4 in Spellcasting
    40 | D        | Reached XP level 2. HP: 15/15 MP: 5/9
    51 | D        | Learned a level 2 spell: Throw Flame
    59 | D        | Noticed Jessica
    66 | D        | Killed Jessica
    66 | D        | Reached skill level 6 in Spellcasting
    66 | D        | Reached XP level 3. HP: 19/19 MP: 1/13
    87 | D        | Killed a hellion
   100 | D        | Killed a hellion
   100 | D        | Killed a hellion
   100 | D        | Killed a hellion
   128 | D        | Killed a hellion
   141 | D        | Killed a hellion
   162 | D        | Killed a white draconian scorcher
   171 | D        | Reached skill level 7 in Spellcasting
   171 | D        | Reached skill level 5 in Fire Magic
   185 | D        | Killed a white draconian scorcher
   250 | D        | Learned a level 3 spell: Conjure Flame
   254 | D        | Learned a level 3 spell: Inner Flame
   264 | D        | Killed a yaktaur
   279 | D        | Gained mutation: Your spells are a little harder to cast, but a little more powerful. [potion of mutation]
   280 | D        | Lost mutation: Your spells are a little harder to cast, but a little more powerful. [potion of mutation]
   280 | D        | Gained mutation: You are frail. (-10% HP) [potion of mutation]
   280 | D        | Gained mutation: You expend magic power (3 MP) to strengthen your wands. [potion of mutation]
   281 | D        | Lost mutation: You expend magic power (3 MP) to strengthen your wands. [potion of mutation]
   281 | D        | Lost mutation: You are frail. (-10% HP) [potion of mutation]
   281 | D        | Gained mutation: Your muscles are strong. (Str +2) [potion of mutation]
   281 | D        | Gained mutation: Scrolls take you a little longer to read. [potion of mutation]
   281 | D        | Gained mutation: You have a pair of small horns on your head. [potion of mutation]
   282 | D        | Lost mutation: Scrolls take you a little longer to read. [potion of mutation]
   282 | D        | Lost mutation: Your muscles are strong. (Str +2) [potion of mutation]
   282 | D        | Gained mutation: You are somewhat resistant to further mutation. [potion of mutation]
   282 | D        | Gained mutation: You have sharp toenails. [potion of mutation]
   283 | D        | Lost mutation: You have a pair of small horns on your head. [potion of mutation]
   283 | D        | Lost mutation: You are somewhat resistant to further mutation. [potion of mutation]
   283 | D        | Gained mutation: You do not regenerate when monsters are visible. [potion of mutation]
   283 | D        | Gained mutation: You expend magic power (3 MP) to strengthen your wands. [potion of mutation]
   284 | D        | Lost mutation: You have sharp toenails. [potion of mutation]
   284 | D        | Lost mutation: You expend magic power (3 MP) to strengthen your wands. [potion of mutation]
   284 | D        | Gained mutation: You are robust. (+10% HP) [potion of mutation]
   285 | D        | Lost mutation: You are robust. (+10% HP) [potion of mutation]
   285 | D        | Gained mutation: You have large cloven feet. [potion of mutation]
   285 | D        | Gained mutation: You have a pair of small horns on your head. [potion of mutation]
   306 | D        | Noticed a water elemental
   308 | D        | Killed a water elemental
   308 | D        | Reached skill level 9 in Spellcasting
   308 | D        | Reached skill level 5 in Conjurations
   308 | D        | Reached XP level 4. HP: 24/24 MP: 9/17
   345 | D        | Learned a level 4 spell: Sticky Flame
   345 | D        | Found a radiant altar of Vehumet.
   346 | D        | Found a deep blue altar of Sif Muna.
   346 | D        | Found an ancient bone altar of Kikubaaqudgha.
   346 | D        | Noticed a wizard
   347 | D        | Paralysed by a wizard for 3 turns
   349 | D        | Killed a wizard
   349 | D        | Reached XP level 5. HP: 27/28 MP: 12/19
   351 | D        | Reached skill level 10 in Spellcasting
   363 | D        | Became a worshipper of Vehumet
   370 | D        | Learned a level 5 spell: Fireball
   374 | D        | Learned a level 3 spell: Mephitic Cloud
   415 | D        | Killed a yaktaur
   427 | D        | Found a glowing silver altar of Zin.
   428 | D        | Found a glowing golden altar of the Shining One.
   428 | D        | Found a white marble altar of Elyvilon.
   428 | D        | Noticed a deep elf mage
   436 | D        | Killed a deep elf mage
   436 | D        | Reached skill level 11 in Spellcasting
   436 | D        | Reached XP level 6. HP: 36/36 MP: 9/22
   436 | D        | Reached XP level 7. HP: 40/40 MP: 9/24
   515 | D        | Found a hide-covered altar of Uskayaw.
   515 | D        | Found a roughly hewn altar of Beogh.
   515 | D        | Found an iron altar of Okawaru.
   515 | D        | Found a bloodstained altar of Trog.
   515 | D        | Found an ornate altar of the Wu Jian Council.
   515 | D        | Noticed a human
   515 | D        | Noticed a human
   524 | D        | Killed a human
   524 | D        | Reached skill level 5 in Dodging
   524 | D        | Reached skill level 12 in Spellcasting
   535 | D        | Killed a human
   535 | D        | Reached * piety under Vehumet
   535 | D        | Offered knowledge of Sting by Vehumet.
   539 | D        | Killed a yaktaur
   656 | D        | Found a basalt altar of Yredelemnul.
   656 | D        | Found a shadowy altar of Dithmenos.
   656 | D        | Found a sacrificial altar of Ru.
   785 | D        | Noticed a shadow
   789 | D        | Killed a shadow
   789 | D        | Reached ** piety under Vehumet
   789 | D        | Offered knowledge of Freeze by Vehumet.
   789 | D        | Reached XP level 8. HP: 6/45 MP: 11/26
  1052 | D        | Found a blossoming altar of Fedhas.
  1052 | D        | Found a stormy altar of Qazlal.
  1053 | D        | Found a snail-covered altar of Cheibriados.
  1053 | D        | Found a burning altar of Makhleb.
  1053 | D        | Found a hazy altar of Hepliaklqana.
  1053 | D        | Found a shimmering altar of Xom.
  1053 | D        | Found an opulent altar of Gozag.
  1053 | D        | Found a sparkling altar of Nemelex Xobeh.
  1053 | D        | Found a corrupted altar of Lugonu.
  1053 | D        | Found a viscous altar of Jiyva.
  1131 | D        | Noticed Snorg
  1141 | D        | Demolished by Snorg

Vault maps used:
D:        dungeon_sprint_mu

Skill      XL: |  1  2  3  4  5  6  7  8 |
---------------+-------------------------+-----
Spellcasting   | 4 6 9 11 12 | 12.9
Conjurations   | 2 3 5 6 7 |  7.8
Fire Magic     | 4 6 7 8 |  8.5
Fighting       | 2 3 |  3.6
Short Blades   | 3 4 |  4.4
Armour         | 2 3 |  3.7
Dodging        | 4 5 6 |  6.0
Air Magic      | 3 4 |  4.4
Poison Magic   | 3 4 |  4.9
Stealth        | |  2.4

Action                   |  1- 3 |  4- 6 |  7- 9 || total
-------------------------+-------+-------+-------++-------
 Cast: Flame Tongue      |    21 |     5 |    41 ||    67
       Conjure Flame     |     1 |       |     2 ||     3
       Throw Flame       |     1 |       |       ||     1
       Sticky Flame      |       |     3 |     4 ||     7
       Mephitic Cloud    |       |     1 |     1 ||     2
       Inner Flame       |       |       |     3 ||     3
       Fireball          |       |       |     4 ||     4
  Use: Potion            |     7 |       |       ||     7
       Scroll            |     1 |       |     1 ||     2
Armor: Robe              |       |     1 |       ||     1
Dodge: Dodged            |     6 |     2 |    10 ||    18

Table legend:
 A = Spawn XP
 B = Non-spawn XP
 C = Spawn XP percentage of total XP
 D = Spawn monster count
 E = Non-spawn monster count
 F = Spawn count percentage of total count
 G = Total turns spent on level
                    A         B        C        D         E        F      G
               +---------+---------+-------+---------+---------+-------+---------
         Total |       0 |    1722 |   0.0 |       0 |      17 |   0.0 |  1141
               +---------+---------+-------+---------+---------+-------+---------
             D |       0 |    1722 |   0.0 |       0 |      17 |   0.0 |  1141
               +---------+---------+-------+---------+---------+-------+---------
